 Dungeon Crawl Stone Soup version 0.23.2 (webtiles) character file.

Game seed: 12410588051147145568

212 Borgoz the Ducker (level 5, -3/38 HPs)
             Began as a Ghoul Enchanter on Apr 4, 2019.
             Slain by a worker ant (4 damage)
             ... on level 4 of the Dungeon.
             The game lasted 00:08:17 (2446 turns).

Borgoz the Ducker (Ghoul Enchanter)                 Turns: 2446, Time: 00:08:18

Health: -3/38      AC:  8    Str: 12    XL:     5   Next: 89%
Magic:  6/6        EV: 11    Int: 10    God:
Gold:   152        SH:  0    Dex: 10    Spells: 6/7 levels left

rFire    . . .     SeeInvis .   l - +0 short sword
rCold    + . .     Gourm    .   (no shield)
rNeg     + + +     Faith    .   k - +0 ring mail
rPois    ∞         Spirit   .   (no helmet)
rElec    .         Reflect  .   (no cloak)
rCorr    +         Harm     .   e - +2 pair of gloves
MR       .....                  (no boots)
Stlth    +.........             (no amulet)
HPRegen  0.00/turn              g - ring of resist corrosion
MPRegen  0.10/turn              (no ring)

@: rotting
A: rotting body, claws 1, carnivore, cold resistance 1, negative energy
resistance 3, inhibited regeneration, torment resistance, unbreathing
a: no special abilities


You were on level 4 of the Dungeon.
You were not hungry.

You visited 1 branch of the dungeon, and saw 5 of its levels.

You collected 152 gold pieces.

Inventory:

Hand Weapons
 a - a +1 dagger
 l - a +0 short sword (weapon)
Armour
 e - a +2 pair of gloves (worn)
 k - a +0 ring mail (worn)
Jewellery
 g - a ring of resist corrosion (left hand)
 n - an uncursed amulet of regeneration {unknown}
Scrolls
 b - a scroll of remove curse
 c - 5 scrolls of identify {unknown}
Comestibles
 d - 5 rations


   Skills:
 + Level 3.5 Short Blades
 + Level 4.0 Dodging
 - Level 3.2 Stealth
 - Level 1.7 Spellcasting
 - Level 2.4 Hexes


You had 6 spell levels left.
You knew the following spells:

 Your Spells              Type           Power        Failure   Level  Hunger
a - Corona                Hex            #......      26%         1    ##.....

Your spell library contained the following spells:

 Spells                   Type           Power        Failure   Level  Hunger
 Ensorcelled Hibernation  Hex/Ice        #.....       56%         2    ###....
 Confuse                  Hex            #.......     63%         3    ####...
 Tukima's Dance           Hex            #.......     63%         3    ####...
 Dazzling Spray           Conj/Hex       #.....       80%         3    ####...


Dungeon Overview and Level Annotations

Branches:
Dungeon (5/15)
 Temple: D:4-7

Altars:

Annotations:
D:3 Robin
D:5 Eustachio


Innate Abilities, Weirdness & Mutations

Your body is rotting away.
You thrive on raw meat.
You are immune to poison.
You have sharp fingernails.
You are carnivorous and can eat meat at any time.
Your flesh is cold resistant. (rC+)
You are immune to negative energy. (rN+++)
You do not regenerate when monsters are visible.
You are immune to unholy pain and torment.
You can survive without breathing.


Message History

You hit the worker ant.
The worker ant is heavily wounded.
The worker ant bites you.
* * * LOW HITPOINT WARNING * * *
You aren't carrying any potions.
Okay, then.
You aren't carrying any items that you can evoke.
You completely miss the worker ant.
The worker ant is heavily wounded.
The worker ant closely misses you.
You hit the worker ant but do no damage.
The worker ant is heavily wounded.
The worker ant closely misses you.
You barely miss the worker ant.
The worker ant is heavily wounded.
The worker ant bites you but does no damage.
You barely miss the worker ant.
The worker ant is heavily wounded.
The worker ant bites you.
You die...

.###........#.. ##.........
............#.# ##.##.....
.......)....#.## ##........
....####.......## ##.........
..... ##.......## ##.....#....
.......###.......## ##......#.#..
..................###....#.......
.#####..........#a÷..............
. #..........@##......#.......
............###..#.#.##.....#
................########.#.##
...............## #####
..............## ............##
##......#.## ##....#### .....


You could see a worker ant.

Vanquished Creatures
  A howler monkey (D:5)
  4 gnolls
  8 adders
  An ooze (D:2)
  A dart slug (D:3)
  4 leopard geckos
  2 orcs
  2 giant cockroaches
  7 hobgoblins
  2 jackals (D:2)
  4 quokkas
  A ball python (D:2)
  3 bats
  7 frilled lizards
  3 goblins
  8 kobolds
  3 rats (D:1)
61 creatures vanquished.

Notes
Turn   | Place    | Note
-------+----------+-------------------------------------------
     0 | D:1      | Borgoz the Ghoul Enchanter began the quest for the Orb.
     0 | D:1      | Reached XP level 1. HP: 14/14 MP: 2/2
   124 | D:1      | Reached skill level 1 in Short Blades
   126 | D:1      | Reached skill level 2 in Dodging
   253 | D:1      | Reached XP level 2. HP: 20/20 MP: 3/3
   832 | D:1      | Reached XP level 3. HP: 23/26 MP: 4/4
  1568 | D:2      | Reached skill level 3 in Dodging
  1568 | D:2      | Reached XP level 4. HP: 32/33 MP: 5/5
  1770 | D:2      | Reached XP level 5. HP: 24/38 MP: 6/6
  2084 | D:3      | Noticed Robin
  2107 | D:4      | Noticed a phantom
  2172 | D:5      | Entered Level 5 of the Dungeon
  2362 | D:5      | Noticed Eustachio
  2426 | D:4      | Reached skill level 4 in Dodging
  2440 | D:4      | HP: 1/38 [worker ant (5)]
  2446 | D:4      | Slain by a worker ant

Skill      XL: |  1  2  3  4  5 |
---------------+----------------+-----
Short Blades   | 1 2 3 |  3.5
Dodging        | 2 3 4 |  4.0
Stealth        | |  3.2
Spellcasting   | |  1.7
Hexes          | |  2.4

Action                   |  1- 3 |  4- 6 || total
-------------------------+-------+-------++-------
Melee: Dagger            |    65 |       ||    65
       Short sword       |   144 |   254 ||   398
  Use: Potion            |     5 |     4 ||     9
       Scroll            |       |     4 ||     4
 Stab: Sleeping          |       |     3 ||     3
  Eat: Chunk             |    10 |    12 ||    22
Armor: Robe              |     6 |       ||     6
       Ring mail         |    80 |   139 ||   219
Dodge: Dodged            |   151 |   177 ||   328
